 Dungeon Crawl Stone Soup version 0.29-a0-459-g97dee8cd24 (webtiles) character file.

Game seed: 5280150027805603429

230 siradein the Grave Robber (level 5, -5/35 HPs)
             Began as a Demonspawn Necromancer on May 21, 2022.
             Slain by Grinder (6 damage)
             ... on level 4 of the Dungeon.
             The game lasted 00:04:37 (3900 turns).

siradein the Grave Robber (Demonspawn Necromancer)  Turns: 3900, Time: 00:04:38

Health: -5/35      AC:  4    Str:  8    XL:     5   Next: 72%
Magic:  0/11       EV: 11    Int: 18    God:
Gold:   167        SH:  0    Dex: 16    Spells: 4/12 levels left

rFire   + . .      SeeInvis .   u - +2 mace (vorpal)
rCold   + . .      Faith    .   (no shield)
rNeg    . . .      Spirit   +   y - +0 leather armour
rPois   .          Reflect  .   f - +0 helmet
rElec   .          Harm     .   (no cloak)
rCorr   .          Rampage  .   (no gloves)
Will    .....                   (no boots)
Stlth   +++.......              t - amulet of guardian spirit
HPRegen 0.11/turn               s - ring of protection from cold
MPRegen 0.12/turn               v - ring of protection from fire

@: no status effects
A: claws 1, thin skeletal structure 1, powered by pain 1, no potion heal 1
a: no special abilities


You were on level 4 of the Dungeon.
You visited 1 branch of the dungeon, and saw 4 of its levels.

You collected 167 gold pieces.

Inventory:

Hand Weapons
 u - a +2 vorpal mace (weapon)
Armour
 f - a +0 helmet (worn)
 y - a +0 leather armour (worn)
Jewellery
 s - a ring of protection from cold (left claw)
 t - an amulet of guardian spirit (around neck)
 v - a ring of protection from fire (right claw)
Scrolls
 g - a scroll of amnesia {unknown}
 h - a scroll of silence {unknown}
 i - a scroll of teleportation {unknown}
 j - a scroll of fear {unknown}
 n - a scroll of poison {unknown}
 o - 2 scrolls of vulnerability {unknown}
 q - a scroll of magic mapping {unknown}
 z - a scroll of blinking {unknown}
Potions
 b - 2 potions of magic
 d - a potion of berserk rage {unknown}
 e - 3 potions of flight
 k - a potion of curing {unknown}
 l - 3 potions of attraction
 m - a potion of resistance {unknown}
 p - 2 potions of haste
 r - a potion of degeneration {unknown}
 w - a potion of cancellation {unknown}
 x - 2 potions of ambrosia {unknown}


   Skills:
 - Level 1.7 Dodging
 - Level 1.7 Stealth
 + Level 4.1 Spellcasting
 + Level 6.3 Necromancy


You had 4 spell levels left.
You knew the following spells:

 Your Spells              Type           Power      Damage    Failure   Level
a - Necrotize             Necr           100%       1d9       1%          1
b - Vampiric Draining     Necr           26%        2d7       4%          3
c - Animate Dead          Necr           26%        N/A       16%         4

Your spell library contained the following spells:

 Spells                   Type           Power      Damage    Failure   Level
 Apportation              Tloc           6%         N/A       22%         1
 Summon Small Mammal      Summ           12%        N/A       22%         1
 Agony                    Necr           26%        N/A       41%         5


Dungeon Overview and Level Annotations

Branches:
Dungeon (4/15)
 Temple: D:4-7

Altars:
Makhleb

Annotations:
D:4 Grinder


Innate Abilities, Weirdness & Mutations

You have sharp fingernails.
You have a somewhat thin skeletal structure. (Dex +2, Stealth+)
You sometimes gain a little power by taking damage.
Potions are less effective at restoring your health.


Message History

The adder barely resists.
The adder barely resists.
The adder closely misses you.
The adder writhes in agony!
The adder barely misses you.
The adder writhes in agony.
You kill the adder!
The dead are slithering!
You can't see any susceptible monsters within range! (Use Z to cast anyway.)
Your adder skeleton crumbles into dust!
Grinder comes into view.
Grinder is nearby!
Grinder is nearby!
Grinder is nearby!
Grinder hits you.
You hit Grinder but do no damage. Grinder gestures at you.
Pain shoots through your body! Grinder hits you but does no damage.
You hit Grinder.
Grinder is lightly wounded.
Grinder hits you.
You writhe in agony.
You hit Grinder.
Grinder is moderately wounded.
Grinder hits you but does no damage. Grinder hits you.
You writhe in agony.
You are too injured to fight recklessly!
You are too injured to fight recklessly!
You are too injured to fight recklessly!
You closely miss Grinder.
Grinder is moderately wounded.
Grinder hits you!
* * * LOW HITPOINT WARNING * * *
You writhe in agony.
* * * LOW HITPOINT WARNING * * *
You hit Grinder.
Grinder is heavily wounded.
Grinder hits you but does no damage.
You hit Grinder.
Grinder is heavily wounded.
Grinder hits you.
* * * LOW HITPOINT WARNING * * *
You writhe in agony.
You die...

### #.. #.# #.# #5#
### #######@#....#
#.........?#
######.#####.#>.....
#....#.......#..#.#.
##)#....###### .# #
#.<)....# .#
##.#)...# # #.#....#
#.#....#


You could see Grinder.

Vanquished Creatures
  2 jellies (D:3)
  An orc wizard (D:4)
  5 adders
  3 worms
  3 dart slugs
  5 orcs
  9 ball pythons
  12 endoplasms
  2 giant cockroaches (D:3)
  A hobgoblin (D:1)
  6 jackals
  A quokka (D:1)
  10 bats
  A frilled lizard (D:1)
  4 goblins
  9 kobolds
  5 rats
79 creatures vanquished.

Vanquished Creatures (collateral kills)
  A bat (D:3)
1 creature vanquished.

Vanquished Creatures (others)
  9 fungi (D:3)
  9 toadstools (D:3)
18 creatures vanquished.

Grand Total: 98 creatures vanquished

Notes
Turn   | Place    | Note
-------+----------+-------------------------------------------
     0 | D:1      | siradein the Demonspawn Necromancer began the quest for the
                  | Orb.
     0 | D:1      | Reached XP level 1. HP: 13/13 MP: 3/3
   261 | D:1      | Found a faded altar of an unknown god.
   405 | D:1      | Gained mutation: You sometimes gain a little power by
                  | taking damage. [demonic ancestry]
   405 | D:1      | Reached XP level 2. HP: 19/19 MP: 3/5
  1238 | D:2      | Reached skill level 5 in Necromancy
  1238 | D:2      | Gained mutation: You have a somewhat thin skeletal
                  | structure. (Dex +2, Stealth+) [demonic ancestry]
  1238 | D:2      | Reached XP level 3. HP: 24/24 MP: 0/7
  2160 | D:2      | Gained mutation: You have sharp fingernails. [demonic
                  | ancestry]
  2160 | D:2      | Reached XP level 4. HP: 30/30 MP: 5/8
  2164 | D:2      | Learned a level 3 spell: Vampiric Draining
  2169 | D:2      | Learned a level 4 spell: Animate Dead
  3277 | D:3      | Found a burning altar of Makhleb.
  3409 | D:3      | Reached XP level 5. HP: 35/35 MP: 4/10
  3492 | D:3      | Reached skill level 6 in Necromancy
  3646 | D:3      | Gained mutation: Your mind is acute. (Int +2) [potion of
                  | mutation]
  3646 | D:3      | Gained mutation: Potions are less effective at restoring
                  | your health. [potion of mutation]
  3646 | D:3      | Lost mutation: Your mind is acute. (Int +2) [potion of
                  | mutation]
  3893 | D:4      | Noticed Grinder
  3900 | D:4      | HP: 1/35 [Grinder (1)]
  3900 | D:4      | Slain by Grinder

Illustrated notes

Levels and vault maps discovered:
D:1:      psy_arrival_terrarium, layout_loops_ring,
          hellmonk_ecumenical_altar_pennies_from_heaven, st_stairs_2
D:2:      layout_loops_corners
D:3:      cheibrodos_fertilizer, layout_basic, lightli_temple_of_fire
D:4:      layout_basic, nicolae_gozag_cash_rules_everything_around_me,
          uniq_grinder

Skill      XL: |  1  2  3  4  5 |
---------------+----------------+-----
Necromancy     | 5 6 |  6.3
Spellcasting   | 3 4 |  4.1
Dodging        | |  1.7
Stealth        | |  1.7

Action                   |  1- 3 |  4- 6 || total
-------------------------+-------+-------++-------
Melee: Dagger            |    14 |       ||    14
       Mace              |    12 |    24 ||    36
       Punch             |       |     1 ||     1
 Cast: Necrotize         |    67 |    77 ||   144
  Use: Scroll            |       |     4 ||     4
       Potion            |       |     1 ||     1
 Stab: Sleeping          |     1 |     1 ||     2
       Distracted        |       |     1 ||     1
Armor: Robe              |    10 |       ||    10
       Leather armour    |       |    18 ||    18
Dodge: Dodged            |    42 |    20 ||    62

Table legend: (Time is in decaauts)
 A = Elapsed time spent in this place.
 B = Non-inter-level travel time spent in this place.
 C = Inter-level travel time spent in this place.
 D = Time resting spent in this place.
 E = Time spent auto-exploring this place.
 F = Levels seen in this place.
 G = Mean time per level.
                   A        B        C        D        E       F      G
               +--------+--------+--------+--------+--------+-----+--------+
         Total |   3914 |   3767 |    147 |     32 |   3157 |   4 |  978.5 |
       Dungeon |   3914 |   3767 |    147 |     32 |   3157 |   4 |  978.5 |
               +--------+--------+--------+--------+--------+-----+--------+

Top non-repeatable levels by time:
     D:2: 1515 daAuts
     D:3: 1188 daAuts
     D:1: 992 daAuts
     D:4: 218 daAuts
